 Dungeon Crawl Stone Soup version 0.26.1-11-gd32895ea62 (webtiles) character file.

Game seed: 10314948565463680194

5766 Descartes the Ruffian (level 10, -2/98 HPs)
             Began as a Troll Chaos Knight on June 13, 2021.
             Was a Plaything of Xom.
             Slain by Harold
             ... wielding a +5 antimagic trident
              (23 damage)
             ... on level 6 of the Dungeon.
             The game lasted 00:23:13 (8309 turns).

Descartes the Ruffian (Troll Chaos Knight)          Turns: 8309, Time: 00:23:13

Health: -2/98      AC: 12    Str: 22    XL:     10   Next: 49%
Magic:  0/23       EV: 10    Int: 10    God:    Xom [....*.]
Gold:   502        SH:  9    Dex: 10    Spells: 9/15 levels left

rFire    . . .     SeeInvis .     - Unarmed
rCold    . . .     Faith    .   p - +0 kite shield
rNeg     . . .     Spirit   .   a - +2 robe
rPois    .         Reflect  .   (helmet restricted)
rElec    .         Harm     .   (no cloak)
rCorr    .         Rampage  .   (gloves unavailable)
Will     .....                  (boots unavailable)
Stlth    +.........             D - amulet of the acrobat
HPRegen  0.66/turn              f - +4 ring of protection
MPRegen  0.18/turn              k - ring of magical power

@: lethally poisoned (-2 -> -2), marked, studying Conjurations
A: large, unfitting armour, antennae 1, claws 3, rugged brown scales 1, deformed
body, regeneration 1, screaming 1, shaggy fur 1, tough skin 3
a: Renounce Religion


You were on level 6 of the Dungeon.
You worshipped Xom.
You were a beloved toy of Xom.
You visited 2 branches of the dungeon, and saw 8 of its levels.
You also visited: Bailey.

You collected 502 gold pieces.

Inventory:

Hand Weapons
 d - a +0 great mace
 o - a +3 spear of venom
 A - a +4 hand axe
Missiles
 y - 4 boomerangs (quivered)
 z - 20 poisoned darts
 G - 149 stones
 H - a throwing net
Armour
 a - a +2 robe (worn)
 n - a +6 plate armour of ponderousness
 p - a +0 kite shield (worn)
Jewellery
 f - a +4 ring of protection (left claw)
 k - a ring of magical power (right claw)
 D - an amulet of the acrobat (around neck)
Scrolls
 b - a scroll of remove curse
 h - 2 scrolls of enchant armour {unknown}
 i - a scroll of vulnerability {unknown}
 j - 7 scrolls of teleportation
 r - a scroll of identify
 u - a scroll of amnesia {unknown}
 B - a scroll of brand weapon {unknown}
 I - 5 scrolls of enchant weapon
 J - a scroll of magic mapping
 K - a scroll of noise {unknown}
Potions
 c - 2 potions of experience {unknown}
 e - a potion of flight
 g - a potion of haste
 l - a potion of might {unknown}
 m - 3 potions of curing
 v - 2 potions of ambrosia {unknown}
 w - a potion of brilliance {unknown}
 x - a potion of magic {unknown}
 C - 3 potions of lignification {unknown}
 E - 2 potions of mutation
 F - a potion of resistance {unknown}
Books
 t - a manual of Conjurations
Miscellaneous
 s - a condenser vane


   Skills:
 - Level 5.0 Fighting
 + Level 4.9 Throwing
 - Level 5.0 Dodging
 + Level 4.4 Shields
 + Level 6.3 Unarmed Combat
 + Level 3.3 Spellcasting
 + Level 0.5 Conjurations
 + Level 4.1 Transmutations
 + Level 4.3 Evocations


You had 9 spell levels left.
You knew the following spells:

 Your Spells              Type           Power        Failure   Level
a - Confusing Touch       Hex            1%           91%         3
b - Dazzling Flash        Conj/Hex       4%           88%         3

Your spell library contained the following spells:

 Spells                   Type           Power        Failure   Level
 Animate Skeleton         Necr           2%           56%         1
 Apportation              Tloc           2%           56%         1
 Corona                   Hex            1%           56%         1
 Freeze                   Ice            4%           56%         1
 Summon Small Mammal      Summ           4%           56%         1
 Ensorcelled Hibernation  Hex/Ice        2%           71%         2
 Frozen Ramparts          Ice            2%           91%         3
 Ozocubu's Armour         Ice            1%           91%         3
 Tukima's Dance           Hex            1%           91%         3
 Hailstorm                Conj/Ice       2%           99%         4
 Summon Ice Beast         Ice/Summ       1%           100%        4


Dungeon Overview and Level Annotations

Branches:
Dungeon (7/15)             Temple (1/1) D:5          Bailey (visited)

Altars:
Ashenzari
Cheibriados
Elyvilon
Fedhas
Gozag
Hepliaklqana
Kikubaaqudgha
Nemelex Xobeh
Okawaru
Qazlal
Ru
Sif Muna
Trog
Uskayaw
Vehumet
Wu Jian
Xom
The Shining One

Annotations:
D:6 Harold


Innate Abilities, Weirdness & Mutations

You are too large for most types of armour.
You have claws for hands.
Your natural rate of healing is unusually fast.
You are covered in fur. (AC +1)
You have extremely tough skin. (AC +3)
You have a pair of small antennae on your head.
You are partially covered in rugged brown scales. (AC +1, +3% HP)
Armour fits poorly on your strangely shaped body.
You occasionally shout uncontrollably at your foes.


Message History

You feel sick.
You scratch Harold.
Harold is moderately wounded.
You block Harold's attack.
You barely miss Harold.
Harold is moderately wounded.
You feel sick.
Harold hits you with a +5 antimagic trident!!
* * * LOW HITPOINT WARNING * * *
You feel your power leaking away.
You scratch Harold.
Harold is moderately wounded.
You feel sick.
Harold points at you and mumbles some strange words.
A sentinel's mark forms upon you.
You claw Harold!
Harold is heavily wounded.
Harold hits you with a +5 antimagic trident!!
You die...
Xom chortles!

#.##.# ####.# #..... #.##.#
#.##.# #..... #.##.# #.##.#
#..... #.##.#
#....###########.....
###.##.######.#..................
#<...............................
.........................##.#.#.#
#.#.##.##.###..)))#########.#.#.#
#.#.#..##.###...@.....>..........
#.###..##......)@................
#.# #..##.####..#.#.###.###.#.#.#
#.# #..##.# #..#.............#.#
#.# #..##.####..#.#...#.###.#.#.#
#.# #...........#.#.#.#.# #......
#.# #.##........#.#.#.#.# #......
#.# #.............#.#.#.###...#..
#.#
#.##....##..#.#.#........ยง...


You could see Harold.

Vanquished Creatures
  Joseph (D:7)
  A fire bat (D:4)
  A steam dragon (D:6)
  A warg (shapeshifter) (D:2)
  Duvessa (D:4)
  12 orc warriors
  2 sky beasts (D:5)
  2 ice beasts
  A phantom (D:7)
  A centaur (D:6)
  A big kobold (D:6)
  Blork the orc (D:6)
  2 bullfrogs (D:7)
  Dowan (D:4)
  A wyvern skeleton (D:7)
  A scorpion (D:5)
  A water moccasin skeleton (D:6)
  2 centaur zombies (D:7)
  A jelly (D:6)
  8 orc priests
  8 orc wizards
  5 worker ants
  A killer bee zombie (D:7)
  12 gnolls
  A howler monkey skeleton (D:4)
  10 adders
  4 shadow imps
  An ufetubus (D:6)
  An ooze (D:2)
  2 adder skeletons (D:7)
  6 worms
  6 leopard geckos
  45 orcs
  4 giant cockroaches
  20 goblins
  17 hobgoblins
  9 jackals
  7 quokkas
  4 bats
  3 frilled lizards
  22 kobolds
  A leopard gecko zombie (D:5)
  17 rats
248 creatures vanquished.

Vanquished Creatures (collateral kills)
  An orc warlord (Bailey)
  Prince Ribbit (D:6)
  Edmund (D:6)
  3 orc warriors (Bailey)
  A centaur (D:6)
  A scorpion (D:6)
  An iguana (D:6)
  2 gnolls (D:3)
  A worm (D:3)
12 creatures vanquished.

Vanquished Creatures (others)
  An orc knight (Bailey)
  An orc warrior (Bailey)
  An orc (D:7)
  A goblin (Bailey)
  A hobgoblin (Bailey)
  8 plants (D:1)
13 creatures vanquished.

Grand Total: 273 creatures vanquished

Notes
Turn   | Place    | Note
-------+----------+-------------------------------------------
     0 | D:1      | Descartes the Troll Chaos Knight began the quest for the
                  | Orb.
     0 | D:1      | Reached XP level 1. HP: 22/22 MP: 0/0
    49 | D:1      | Reached XP level 2. HP: 29/29 MP: 1/1
   453 | D:1      | XOM is BORED!
   980 | D:1      | XOM: scenery: create altars
  1192 | D:2      | XOM: god gift: cabochon ring {god gift}
  1199 | D:2      | Noticed a moth of wrath
  1280 | D:2      | Found a bloodstained altar of Trog.
  1285 | D:2      | Noticed a shapeshifter
  1285 | D:2      | a moth of wrath changed into a shapeshifter
  1285 | D:2      | XOM: polymorph moth of wrath -> shapeshifter
  1285 | D:2      | Noticed a jumping spider
  1285 | D:2      | a shapeshifter changed into a jumping spider
  1301 | D:2      | Reached XP level 3. HP: 35/36 MP: 2/2
  1309 | D:2      | XOM: confuse monster(s)
  1310 | D:2      | XOM: 5-stop teleportation journey
  1387 | D:2      | Noticed a troll
  1395 | D:2      | Noticed a soldier ant
  1395 | D:2      | a troll changed into a soldier ant
  1402 | D:2      | XOM: scenery: 1 doors open
  1405 | D:2      | Noticed a warg
  1405 | D:2      | a soldier ant changed into a warg
  1461 | D:2      | XOM: god gift: 9 bolts
  1470 | D:2      | Killed a warg
  1471 | D:2      | Reached skill level 1 in Throwing
  1471 | D:2      | Reached skill level 1 in Transmutations
  1471 | D:2      | Reached skill level 1 in Evocations
  1471 | D:2      | Reached XP level 4. HP: 18/44 MP: 4/4
  1471 | D:2      | Reached XP level 5. HP: 22/52 MP: 5/5
  1477 | D:2      | XOM: scenery: create altars
  1586 | D:2      | You fall into a shaft and drop 2 floors!
  1695 | D:2      | XOM: divination: magic mapping
  1806 | D:2      | XOM: god gift: knobbly glowing staff {god gift}
  1989 | D:2      | Reached skill level 1 in Shields
  2203 | D:2      | Found a shimmering altar of Xom.
  2431 | D:3      | XOM: summons 3 friendly demons
  2733 | D:3      | XOM: give mutation
  2733 | D:3      | Gained mutation: You have a pair of small horns on your
                  | head. [Xom's grace]
  2752 | D:3      | Reached XP level 6. HP: 61/61 MP: 6/6
  2768 | D:3      | Reached skill level 1 in Spellcasting
  2802 | D:3      | XOM is BORED!
  2802 | D:3      | XOM: summons 3 hostile demons
  3175 | D:4      | XOM: scenery: 1 doors close
  3217 | D:4      | Noticed a fire bat
  3217 | D:4      | an ogre changed into a fire bat
  3217 | D:4      | XOM: polymorph ogre -> fire bat
  3224 | D:4      | XOM: scenery: 2 doors open
  3242 | D:4      | XOM: enchant monster (good)
  3245 | D:4      | Killed a fire bat
  3246 | D:4      | Reached XP level 7. HP: 53/67 MP: 7/7
  3359 | D:4      | XOM: confuse monster(s)
  3518 | D:4      | Reached skill level 4 in Unarmed Combat
  3683 | D:4      | Noticed Dowan
  3684 | D:4      | Noticed Duvessa
  3686 | D:4      | XOM: divination: detect items
  3698 | D:4      | XOM: potion effect (curing)
  3707 | D:4      | Killed Duvessa
  3709 | D:4      | XOM: confusion (+ monsters)
  3717 | D:4      | Killed Dowan
  3858 | D:4      | XOM: 2-stop teleportation journey
  4329 | D:5      | Entered Level 5 of the Dungeon
  4354 | D:5      | XOM: give mutations
  4354 | D:5      | Gained mutation: Armour fits poorly on your strangely
                  | shaped body. [Xom's mischief]
  4354 | D:5      | Gained mutation: You occasionally shout uncontrollably at
                  | your foes. [Xom's mischief]
  4354 | D:5      | Gained mutation: You are frail. (-10% HP) [Xom's mischief]
  4354 | D:5      | Gained mutation: You sometimes yell uncontrollably at your
                  | foes. [Xom's mischief]
  4376 | D:5      | Found an iron altar of Okawaru.
  4456 | D:5      | Reached XP level 8. HP: 50/68 MP: 9/9
  4582 | D:5      | Found a staircase to the Ecumenical Temple.
  4599 | Temple   | Entered the Ecumenical Temple
  5191 | D:6      | Noticed Prince Ribbit
  5202 | D:6      | XOM: enchant monster (good)
  5217 | D:6      | Killed Prince Ribbit
  5297 | D:6      | Noticed Edmund
  5328 | D:6      | XOM: cast spell 'Summon Dragon'
  5332 | D:6      | Killed Edmund
  5587 | D:6      | Reached skill level 5 in Unarmed Combat
  5598 | D:6      | Reached XP level 9. HP: 34/75 MP: 11/11
  5965 | D:6      | Found an opulent altar of Gozag.
  6031 | D:6      | XOM: silly message
  6074 | D:6      | Noticed Blork the orc
  6081 | D:6      | XOM: cast spell 'Summon Ice Beast'
  6082 | D:6      | Killed Blork the orc
  6107 | D:6      | Lost mutation: Armour fits poorly on your strangely shaped
                  | body. [potion of mutation]
  6107 | D:6      | Lost mutation: You have a pair of small horns on your head.
                  | [potion of mutation]
  6107 | D:6      | Lost mutation: You sometimes yell uncontrollably at your
                  | foes. [potion of mutation]
  6107 | D:6      | Lost mutation: You are frail. (-10% HP) [potion of
                  | mutation]
  6107 | D:6      | Gained mutation: You have a pair of small antennae on your
                  | head. [potion of mutation]
  6107 | D:6      | Gained mutation: Armour fits poorly on your strangely
                  | shaped body. [potion of mutation]
  6107 | D:6      | Gained mutation: You are partially covered in rugged brown
                  | scales. (AC +1, +3% HP) [potion of mutation]
  6175 | D:6      | XOM: god gift: 2 smoky blue potions {god gift}
  6227 | D:6      | XOM: divination: magic mapping
  6273 | D:6      | XOM: cloud trail
  6534 | D:7      | Noticed Joseph
  6589 | D:7      | XOM: noise
  6604 | D:7      | Killed Joseph
  6626 | D:7      | XOM: divination: magic mapping
  6653 | D:7      | Learned a level 3 spell: Confusing Touch
  6669 | D:7      | Found a flagged portal.
  6709 | Bailey   | Entered a bailey
  6789 | Bailey   | XOM: noise
  7130 | Bailey   | Reached XP level 10. HP: 37/96 MP: 13/13
  7296 | Bailey   | Noticed an orc knight
  7306 | Bailey   | Killed an orc knight
  7306 | Bailey   | XOM: divine lightning
  7343 | Bailey   | XOM: enchant monster (good)
  7362 | Bailey   | Reached skill level 6 in Unarmed Combat
  7364 | Bailey   | Noticed an orc warlord
  7386 | Bailey   | XOM: cleaving
  7387 | Bailey   | XOM: summons 2 friendly demons
  7400 | Bailey   | XOM: enchant monster (good)
  7401 | Bailey   | XOM: enchant monster (good)
  7435 | Bailey   | XOM: scenery: 1 fountains blood, 4 doors close
  7471 | Bailey   | XOM: cast spell 'Alistair's Intoxication'
  7483 | Bailey   | Reached skill level 5 in Fighting
  7494 | Bailey   | Killed an orc warlord
  7495 | Bailey   | Reached skill level 5 in Dodging
  7740 | D:7      | Learned a level 3 spell: Dazzling Flash
  7773 | D:7      | XOM: destruction
  7774 | D:7      | Noticed Harold
  8041 | D:7      | XOM: divination: detect items
  8295 | D:7      | XOM: scenery: create altars
  8309 | D:6      | Slain by Harold

Illustrated notes

Levels and vault maps discovered:
D:1:      dpeg_arrival_central, layout_basic, minmay_door_square,
          minmay_crystal_room, lexackson_kobold_supper
D:2:      layout_basic, tgw_trog, tgw_xom
D:3:      layout_loops_ring
D:4:      layout_basic, chequers_serial_rivers_micro_d, uniq_duvessa
D:5:      layout_loops_ring, nicolae_overflow_crystal_walls,
          minmay_temple_entry_steel_oval
D:6:      layout_basic, general_overflow_altar, uniq_prince_ribbit1,
          uniq_edmund, uniq_blork_the_orc
D:7:      layout_rooms, enter_bailey_7, hex_tiny, grunt_decor_mini_mirrors,
          uniq_harold, uniq_joseph
Temple:   regret_index_temple_waves

Skill      XL: |  1  2  3  4  5  6  7  8  9 10 |
---------------+-------------------------------+-----
Dodging        | 2 3 4 5 |  5.0
Throwing       | 1 2 3 4 |  4.9
Transmutations | 1 2 3 4 |  4.1
Evocations     | 1 2 3 4 |  4.3
Shields        | 1 2 3 4 |  4.4
Fighting       | 3 4 5 |  5.0
Spellcasting   | 1 2 3 |  3.3
Unarmed Combat | 4 5 6 |  6.3
Conjurations   | |  0.5

Action                   |  1- 3 |  4- 6 |  7- 9 | 10-12 || total
-------------------------+-------+-------+-------+-------++-------
Melee: Unarmed           |   103 |   192 |   517 |   172 ||   984
       Headbutt          |       |    10 |    43 |       ||    53
  Use: Potion            |       |     1 |     7 |     3 ||    11
       Scroll            |       |       |    11 |     2 ||    13
 Stab: Confused          |       |       |     1 |       ||     1
       Sleeping          |       |       |     1 |       ||     1
       Invisible         |       |       |     7 |       ||     7
       Petrified         |       |       |       |     1 ||     1
Armor: Robe              |    47 |    94 |   163 |    48 ||   352
Dodge: Dodged            |    47 |    53 |   169 |    53 ||   322
Block: Kite shield       |    12 |    86 |   204 |    58 ||   360
